 Dungeon Crawl Stone Soup version 0.31.0-1-g2c135a008e (webtiles) character file.

Game seed: 2738216641579523444

214 qw the Shooter (level 6, -3/46 HPs)
             Began as a Djinni Hunter on Jan 24, 2024.
             Slain by a gnoll
             ... wielding a +0 spear
             ... led by a gnoll bouda
              (5 damage)
             ... on level 4 of the Dungeon.
             The game lasted 00:00:11 (3076 turns).

qw the Shooter (Djinni Hunter)                      Turns: 3076, Time: 00:00:11

Health: -3/46      AC:  5    Str: 10    XL:     6   Next: 14%
Gold:   168        EV: 11    Int: 10    God:
                   SH:  0    Dex: 19

rFire   + + .        a - +0 shortbow
rCold   x . .        (shield currently unavailable)
rNeg    . . .        d - +0 ring mail
rPois   inf          (no helmet)
rElec   .            (no cloak)
rCorr   .            (no gloves)
SInv    .            (boots unavailable)
Will    .....        (no amulet)
Stlth   +            (no ring)
HPRegen 0.27/turn    (no ring)
MPRegen 0.00/turn

%: infuse magic (-4 HP)
@: flying
A: sickness immunity, fire resistance 2, cold vulnerability 1, float, innate
caster, HP casting, extra vitality 1
a: no special abilities


You were on level 4 of the Dungeon.
You visited 1 branch of the dungeon, and saw 4 of its levels.

You collected 168 gold pieces.


Innate Abilities, Weirdness & Mutations

You are immune to sickness and miasma.
You are immune to poison.
Your flesh is very heat resistant. (rF++)
You are vulnerable to cold. (rC-)
You float through the air rather than walking.
You learn spells naturally, not from books.
Your magical power is your life essence.
You have superior vitality. (+4 MHP)


   Skills:
 + Level 3.0 Fighting
 - Level 5.0 Ranged Weapons
 - Level 1.0 Armour
 - Level 3.1 Dodging
 - Level 0.7 Stealth


You knew the following spells:

 Your Spells              Type           Power      Damage    Failure   Level
a - Sting                 Conj/Alch      0%         1d3       67%         1
b - Blink                 Tloc           0%         N/A       82%         2
Your spell library was empty.

Inventory:

Hand Weapons
 a - a +0 shortbow (weapon)
Armour
 d - a +0 ring mail (worn)
Wands
 c - a wand of charming (11)
Scrolls
 e - a scroll of enchant armour
Potions
 b - a potion of mutation {unknown}
 g - a potion of haste {unknown}
 h - a potion of berserk rage {unknown}

Dungeon Overview and Level Annotations

Branches:
Dungeon (4/15)
 Temple: D:4-7

Altars:

Shops:
D:2 (

Annotations:
D:2 1 runed translucent door, Crazy Yiuf


Message History

The kobold hits you with a +0 club. The kobold hits you but does no damage.
The gnoll hits you from afar with a +0 spear.
The kobold hits you with a +0 club. The kobold closely misses you.
You shoot an arrow. The arrow closely misses the kobold.
The gnoll barely misses you.
The kobold hits you but does no damage. x2
The gnoll barely misses you.
You shoot an arrow. The arrow hits the kobold!
You kill the kobold!
The kobold hits you but does no damage. The gnoll hits you but does no damage.
You shoot an arrow. The arrow barely misses the kobold.
An endoplasm comes into view.
The kobold barely misses you.
The gnoll hits you from afar with a +0 spear.
The kobold hits you with a +0 club.
You shoot an arrow. The arrow hits the kobold.
You kill the kobold!
The gnoll hits you but does no damage.
The gnoll hits you from afar with a +0 spear.
You shoot an arrow.
The arrow hits the endoplasm but does no damage.
The endoplasm freezes you.
You are frozen.
You feel a terrible chill! The gnoll misses you.
You shoot an arrow. The endoplasm quivers.
The arrow hits the endoplasm!
You kill the endoplasm!
The gnoll hits you from afar with a +0 spear.
Your Ranged Weapons skill increases to level 5!
You shoot an arrow.
The arrow hits the gnoll but does no damage.
The gnoll is severely wounded.
The gnoll barely misses you.
The gnoll hits you from afar with a +0 spear.
You shoot an arrow. The arrow barely misses the gnoll.
The gnoll hits you from afar with a +0 spear.
You shoot an arrow.
The arrow hits the gnoll but does no damage.
The gnoll is severely wounded.
The gnoll hits you from afar with a +0 spear.
You die...

.....##......
#........... ....
##..........# ....
#..........# .....
#.........## .....
##.........## w.....
##.....#.....#####gJ..##
#.<......##...#.#)..[...
#...##....#.....@).....<
#.............##))......
#......#.#..............
.......#####.[.......!..
....#.## .............
####### ##..#.........
#............
#......#..#..


You could see a ribbon worm, a gnoll and an endoplasm.

Vanquished Creatures
  A bombardier beetle (D:3)
  A gnoll bouda (D:4)
  2 gnolls (D:4)
  5 adders
  2 dart slugs
  A ribbon worm (D:3)
  2 orcs (D:3)
  5 endoplasms
  3 giant cockroaches
  12 goblins
  5 hobgoblins
  7 jackals
  7 kobolds
  3 quokkas
  5 ball pythons
  6 bats
  3 frilled lizards (D:1)
  6 rats
76 creatures vanquished.

Notes
Turn   | Place    | Note
-------+----------+-------------------------------------------
     0 | D:1      | qw the Djinni Hunter began the quest for the Orb.
     0 | D:1      | Reached XP level 1. HP: 18/18 MP: 0/0
     0 | D:1      | 0 ||| qw: Version: 0.3-a-136-gdd3b4e8
     0 | D:1      | 0 ||| qw: Game counter: 1320
     0 | D:1      | 0 ||| qw: Melee chars always use a shield: true
     0 | D:1      | 0 ||| qw: God list: Okawaru
     0 | D:1      | 0 ||| qw: Allow faded altars: false
     0 | D:1      | 0 ||| qw: Do Orc after clearing Dungeon:15 true
     0 | D:1      | 0 ||| qw: Do second Lair branch before Depths: true
     0 | D:1      | 0 ||| qw: Lair rune preference: random
     0 | D:1      | 0 ||| qw: Goals: Normal
     0 | D:1      | 0 ||| PLANNING D:1-11
   188 | D:1      | Reached XP level 2. HP: 23/23 MP: 0/0
   583 | D:1      | Reached skill level 4 in Ranged Weapons
   583 | D:1      | Reached XP level 3. HP: 28/28 MP: 0/0
   583 | D:1      | Learned a level 1 spell: Sting
   979 | D:1      | Found a faded altar of an unknown god.
  1003 | D:1      | 1003 ||| READING scroll labelled MUAFEA IR VUTHUNU.
  1004 | D:1      | 1004 ||| READING scroll labelled MITIOLIERPH.
  1005 | D:1      | 1005 ||| READING scroll labelled IFUTUXZIPU.
  1006 | D:1      | 1006 ||| READING scroll labelled XUFOME PUQOOPI.
  1006 | D:1      | 1006 ||| IDENTIFYING glowing inky potion
  1007 | D:1      | 1007 ||| DROPPING scroll of butterflies.
  1008 | D:1      | 1008 ||| DROPPING potion of degeneration.
  1160 | D:2      | 1160 ||| FLEEEEING.
  1161 | D:2      | 1161 ||| FLEEEEING.
  1162 | D:2      | 1162 ||| FLEEEEING.
  1247 | D:2      | Reached skill level 3 in Fighting
  1247 | D:2      | Reached XP level 4. HP: 30/35 MP: 0/0
  1332 | D:2      | Found Urimniof's Weapon Emporium.
  1526 | D:2      | Reached skill level 3 in Dodging
  1739 | D:2      | Identified the +6 hand axe of the Hurling Gods {flame,
                  | rElec Str+3 Int+3}
  1787 | D:2      | Reached XP level 5. HP: 40/40 MP: 0/0
  1787 | D:2      | Learned a level 2 spell: Blink
  1884 | D:2      | Found a runed translucent door.
  1885 | D:2      | Noticed Crazy Yiuf
  2089 | D:2      | 2089 ||| UPGRADING to +0 ring mail.
  2099 | D:2      | 2099 ||| DROPPING +0 leather armour.
  2100 | D:2      | 2100 ||| READING scroll labelled CYOZXISHRAZAN.
  2201 | D:2      | 2201 ||| READING 2 scrolls labelled JIAJUCWYTZA.
  2201 | D:2      | 2201 ||| ENCHANTING +0 shortbow.
  2477 | D:3      | Reached skill level 1 in Armour
  2980 | D:3      | 2980 ||| READING scroll labelled NAMOCS JENE.
  2981 | D:3      | 2981 ||| DRINKING 2 golden potions.
  2982 | D:3      | 2982 ||| DRINKING 4 grey potions.
  2983 | D:3      | 2983 ||| DROPPING potion of attraction.
  3051 | D:4      | HP: 7/40 [gnoll/+0 spear[a gnoll bouda] (7)]
  3052 | D:4      | Reached XP level 6. HP: 6/46 MP: 0/0
  3052 | D:4      | 3052 ||| DRINKING 3 potions of heal wounds.
  3056 | D:4      | HP: 6/46 [gnoll/+0 spear[a gnoll bouda] (6)]
  3057 | D:4      | 3057 ||| DRINKING 2 potions of heal wounds.
  3061 | D:4      | 3061 ||| DRINKING potion of heal wounds.
  3071 | D:4      | HP: 11/46 [gnoll/+0 spear[a gnoll bouda] (2)]
  3074 | D:4      | Reached skill level 5 in Ranged Weapons
  3074 | D:4      | HP: 4/46 [gnoll/+0 spear[a gnoll bouda] (3)]
  3076 | D:4      | Slain by a gnoll

Levels and vault maps discovered:
D:1:      lemuel_arrival_hallway, layout_basic,
          shapermc_ecumenical_altar_mp_vishouse
D:2:      layout_loops_corners, serial_shops, nicolae_shop_bloodbath_and_beyond,
          basic_altar, minmay_gold_behind_fungi, uniq_crazy_yiuf_cottage
D:3:      layout_basic
D:4:      layout_cave_pools, kennysheep_mini_moat, nicolae_shop_unique_rings

Skill      XL: |  1  2  3  4  5  6 |
---------------+-------------------+-----
Ranged Weapons | 4 5 |  5.0
Fighting       | 3 |  3.0
Dodging        | 3 |  3.1
Armour         | 1 |  1.0
Stealth        | |  0.7

Action                     |  1- 3 |  4- 6 || total
---------------------------+-------+-------++-------
   Fire: Shortbow          |    95 |   159 ||   254
    Use: Scroll            |     4 |     3 ||     7
         Potion            |       |     5 ||     5
 Armour: Leather armour    |    23 |    22 ||    45
         Ring mail         |       |    81 ||    81
  Dodge: Dodged            |    20 |   101 ||   121

Table legend:
 A = Non-vault XP
 B = Vault XP
 C = Vault XP percentage of total XP
 D = Non-vault monster count
 E = Vault monster count
 F = Vault count percentage of total count
                 A         B        C        D         E       F
            +---------+---------+-------+---------+---------+-------
      Total |     306 |       0 |   0.0 |      76 |       0 |   0.0
            +---------+---------+-------+---------+---------+-------
        D:1 |      50 |       0 |   0.0 |      30 |       0 |   0.0
        D:2 |      91 |       0 |   0.0 |      25 |       0 |   0.0
        D:3 |      91 |       0 |   0.0 |      14 |       0 |   0.0
        D:4 |      74 |       0 |   0.0 |       7 |       0 |   0.0
            +---------+---------+-------+---------+---------+-------
